 Dungeon Crawl Stone Soup version 0.22.0-38-g04b72b8c25 (webtiles) character file.

40178 SnubMonkey the Brawler (level 13, -6/133 HPs)
             Began as a Troll Chaos Knight on Aug 26, 2018.
             Mangled by a phantasmal warrior (16 damage)
             ... led by a death knight
             ... on level 11 of the Dungeon.
             The game lasted 00:36:10 (15360 turns).

SnubMonkey the Brawler (Troll Chaos Knight)        Turns: 15360, Time: 00:36:11

Health: -6/133     AC: 12    Str: 29 (30) XL:     13   Next: 73%
Magic:  15/15      EV: 14    Int: 13      God:    Xom [.....*]
Gold:   891        SH: 10    Dex: 19      Spells: 12/12 levels left

rFire    . . .     SeeInvis .     - Unarmed
rCold    + + +     Gourm    +   J - +0 shield
rNeg     . . .     Faith    .   a - +2 robe
rPois    +         Spirit   .   (helmet restricted)
rElec    .         Reflect  .   c - +2 cloak
rCorr    +         Harm     .   (gloves unavailable)
MR       .....                  (boots unavailable)
Stlth    ++........             (no amulet)
HPRegen  0.72/turn              M - +5 ring of intelligence
MPRegen  0.14/turn              m - ring of resist corrosion

@: mighty, vulnerable, cleaving, slowed, very slow
A: large, unfitting armour, antennae 2, claws 3, slimy green scales 1, thin
skeletal structure 1, agile 2, blurry vision 1, cold resistance 3, fast
metabolism 3, gourmand, sense surroundings 2, poison resistance, regeneration 1,
shaggy fur 1, strong 1, tough skin 2, MP-powered wands
a: Renounce Religion


You were on level 11 of the Dungeon.
You worshipped Xom.
You were Xom's teddy bear.
You were very full.

You visited 2 branches of the dungeon, and saw 17 of its levels.
You also visited: Ossuary.

You collected 1065 gold pieces.
You spent 174 gold pieces at shops.

Inventory:

Hand Weapons
 b - a +4 whip of electrocution
Missiles
 t - 2 poisoned javelins (quivered)
 E - 327 stones
Armour
 a - a +2 robe (worn)
 c - a +2 cloak (worn)
 J - a +0 shield (worn)
 K - a +0 robe of cold resistance
Jewellery
 j - an uncursed ring of poison resistance
 m - a ring of resist corrosion (right claw)
 s - an uncursed ring of ice
 M - a +5 ring of intelligence (left claw)
Wands
 o - a wand of flame (96)
 q - a wand of digging (10)
 u - a wand of polymorph (12)
 x - a wand of random effects (53)
 I - a wand of paralysis (12)
 L - a wand of clouds (7)
Scrolls
 d - 10 scrolls of teleportation
 h - 2 scrolls of silence
 l - a scroll of blinking
 p - a scroll of fear
 r - 2 scrolls of enchant armour
 z - 6 scrolls of remove curse
 B - 2 scrolls of immolation
 C - 3 scrolls of magic mapping
 F - 8 scrolls of identify
 H - 2 scrolls of enchant weapon
Potions
 e - 3 potions of flight
 f - 3 potions of lignification
 g - 4 potions of brilliance
 i - 8 potions of curing
 k - 2 potions of might
 w - 2 potions of ambrosia
 A - 3 potions of invisibility
 G - a potion of magic
Comestibles
 v - 29 rations
 D - 2 chunks of flesh


   Skills:
 + Level 9.8 Fighting
 - Level 7.5 Dodging
 * Level 3.7 Shields
 + Level 17.0 Unarmed Combat
 - Level 5.0 Evocations


You had 12 spell levels left.
You didn't know any spells.
Your spell library contained the following spells:

 Spells                   Type           Power        Failure   Level  Hunger
 Flame Tongue             Conj/Fire      #....        67%         1    ##.....
 Magic Dart               Conj           #...         67%         1    ##.....
 Summon Butterflies       Summ           #.......     67%         1    ##.....
 Searing Ray              Conj           #.....       82%         2    ###....
 Sublimation of Blood     Necr           #.........   82%         2    ###....
 Throw Flame              Conj/Fire      #.....       82%         2    ###....
 Call Canine Familiar     Summ           #.......     96%         3    ####...
 Conjure Flame            Conj/Fire      #.......     96%         3    ####...
 Dazzling Spray           Conj/Hex       #.....       96%         3    ####...
 Ignite Poison            Fire/Tmut/Pois #.......     96%         3    ####...
 Inner Flame              Hex/Fire       #.......     96%         3    ####...
 Force Lance              Conj/Tloc      #.......     100%        4    #####..
 Fulminant Prism          Conj/Hex       #.........   100%        4    #####..
 Iskenderun's Mystic Bla  Conj           #.......     100%        4    #####..
 Leda's Liquefaction      Hex/Erth       #.........   100%        4    #####..
 Petrify                  Tmut/Erth      #.......     100%        4    #####..
 Sticky Flame             Conj/Fire      #.......     100%        4    #####..
 Summon Ice Beast         Ice/Summ       #.......     100%        4    #####..
 Alistair's Intoxication  Tmut/Pois      #.......     100%        5    ######.
 Bolt of Magma            Conj/Fire/Erth #.........   100%        5    ######.
 Fireball                 Conj/Fire      #.........   100%        5    ######.
 Irradiate                Conj/Tmut      #.........   100%        5    ######.
 Summon Mana Viper        Hex/Summ       #.......     100%        5    ######.
 Iron Shot                Conj/Erth      #.........   100%        6    #######
 Statue Form              Tmut/Erth      #........    100%        6    #######
 Summon Hydra             Summ           #.........   100%        7    #######
 Shatter                  Erth           #.........   100%        9    #######


Dungeon Overview and Level Annotations

Branches:
Dungeon (11/15)            Temple (0/1) D:5            Lair (6/6) D:10
 Shoals (0/4) Lair:3       Spider (0/4) Lair:3        Slime (0/5) Lair:5
    Orc: D:9-12

Altars:
Ashenzari
Cheibriados
Dithmenos
Elyvilon
Fedhas
Gozag
Makhleb
Sif Muna
Trog
Vehumet
Xom
Jiyva

Shops:
D:4 *

Annotations:
D:7 exclusion: door
D:9 3 runed doors, Erymatos's ghost, novice MiBe
Lair:2 1 runed door, Hedig's ghost, journeyman GrEE
Lair:3 3 runed doors, Fyciun's ghost, journeyman MiFi
Lair:4 exclusion: oklob plant
Lair:6 1 exclusion


Innate Abilities, Weirdness & Mutations

You are too large for most types of armour.
You have claws for hands.
Your metabolism is lightning-fast.
You like to eat raw meat.
Your natural rate of healing is unusually fast.
You are covered in fur. (AC +1)
You have very tough skin. (AC +2)
You have a pair of antennae on your head.
You are partially covered in slimy green scales. (AC +2)
You have a somewhat thin skeletal structure. (Dex +2, Stealth)
You are very agile. (Dex +4)
Scrolls take you a little longer to read.
Your flesh is almost immune to the effects of cold. (rC+++)
You passively map the area around you.
Your system is resistant to poisons. (rPois)
Your muscles are strong. (Str +2)
You expend magic power (3 MP) to strengthen your wands.


Message History

* * * LOW HITPOINT WARNING * * *
The phantasmal warrior hits you!!
* * * LOW HITPOINT WARNING * * *
Okay, then.
Okay, then.
You feel much better.
You block the phantasmal warrior's attack.
You mangle the phantasmal warrior!!
The phantasmal warrior is heavily damaged.
You hear a shout!
The phantasmal warrior hits you!!
* * * LOW HITPOINT WARNING * * *
You hear a shout!
You closely miss the phantasmal warrior.
The phantasmal warrior is heavily damaged.
Xom grants you a minor favour.
Your claws look sharp.
The phantasmal warrior hits you!
You die...
Xom thinks this is hilarious!

, ,, * #.........
, ,.......##
#.(.......
.......#. *###
*##........# ,.
........ #..
*#..........# ..
........###..
#.#.###....# .o.
....#.##..### ..
#. #.....
o...,......#.[..#
#, #####.#...
..... ###...#W###
*##...#....
,o.....#)(..{{#@.#
###...#.#..# ,
...p....†...{####
#...)####.##
*........#.#.##
###.#...###
,.##.....#..## *
#.#..## *
#....###....#* * *
.##.## ####.
*##.#.#,, , *
###.## # ..#.. ,*
#.(#...# * #..##C.
.......####.# * ,
* , ,......#.# ,#


You could see a phantasmal warrior.

Vanquished Creatures
  5 hydras
  Erolcha (D:11)
  2 death yaks (Lair:5)
  A two-headed ogre (D:10)
  A death knight (D:11)
  A lindwurm (Lair:6)
  2 oklob plants (D:10)
  A cyclops (D:11)
  A salamander (shapeshifter) (D:10)
  2 black mambas
  14 elephants
  A gargoyle (D:11)
  13 spiny frogs
  5 komodo dragons
  3 rime drakes
  2 freezing wraiths (D:11)
  2 trolls (D:10)
  2 polar bears (Lair:6)
  2 hippogriffs
  2 hornets
  Prince Ribbit (D:6)
  5 blink frogs
  5 spriggans (Lair:6)
  Sigmund (D:5)
  A vampire (D:9)
  A basilisk (Lair:4)
  39 yaks
  A wyvern (Lair:3)
  2 hungry ghosts
  16 water moccasins
  5 porcupines
  5 orc warriors
  10 ice beasts
  A black bear (Lair:3)
  2 ogres
  A phantom (D:10)
  3 sky beasts
  A boggart (Lair:6)
  17 wolves
  7 centaurs
  8 crocodiles
  8 bullfrogs
  A wyvern skeleton (D:10)
  3 scorpions
  9 killer bees
  A jelly (D:8)
  4 electric eels
  2 howler monkeys (D:8)
  2 crimson imps
  2 bullfrog zombies
  3 hounds
  A human zombie (Ossuary)
  A quasit (D:7)
  Crazy Yiuf (D:2)
  7 orc priests
  12 orc wizards
  An iguana (D:5)
  4 worker ants
  4 big kobold zombies (Ossuary)
  2 bullfrog simulacra (D:8)
  4 hound skeletons
  3 mummies (Ossuary)
  4 gnolls (D:6)
  9 adders
  A hound simulacrum (D:8)
  A shadow imp (D:9)
  A white imp (D:8)
  4 ufetubi (D:8)
  An ooze (D:2)
  2 adder skeletons
  4 worms
  A dart slug (D:2)
  5 leopard geckos
  55 orcs
  3 ball pythons
  8 giant cockroaches
  8 hobgoblins
  17 jackals
  6 quokkas
  10 bats
  4 frilled lizards
  4 goblins
  2 goblin zombies (Ossuary)
  7 kobolds
  A kobold zombie (Ossuary)
  A quokka zombie (D:5)
  8 rats
  2 plants (D:10)
439 creatures vanquished.

Vanquished Creatures (collateral kills)
  Pikel (D:6)
  A blink frog (Lair:3)
  2 orc wizards (D:4)
  An orc (D:6)
5 creatures vanquished.

Vanquished Creatures (others)
  2 blink frogs (Lair:3)
  A slave (D:6)
  An ogre (D:6)
  A bush (Lair:2)
  22 fungi
  18 plants
45 creatures vanquished.

Grand Total: 489 creatures vanquished

Notes
Turn   | Place    | Note
-------+----------+-------------------------------------------
     0 | D:1      | SnubMonkey the Troll Chaos Knight began the quest for the Orb.
     0 | D:1      | Reached XP level 1. HP: 22/22 MP: 0/0
   205 | D:1      | Reached XP level 2. HP: 28/29 MP: 1/1
   530 | D:1      | Reached skill level 4 in Unarmed Combat
   713 | D:1      | XOM: silly message
   845 | D:2      | Reached XP level 3. HP: 34/36 MP: 2/2
  1033 | D:2      | XOM: harmless Erth miscast
  1036 | D:2      | Reached skill level 5 in Unarmed Combat
  1036 | D:2      | Reached XP level 4. HP: 44/44 MP: 3/3
  1041 | D:2      | Noticed an orc warrior
  1049 | D:2      | XOM: confuse monster(s)
  1050 | D:2      | XOM: potion effect (agility)
  1056 | D:2      | XOM: potion effect (might)
  1067 | D:2      | Killed an orc warrior
  1067 | D:2      | Reached skill level 6 in Unarmed Combat
  1067 | D:2      | Reached XP level 5. HP: 7/50 MP: 4/4
  1291 | D:2      | XOM: potion effect (brilliance)
  1333 | D:2      | Found a runed door.
  1337 | D:2      | XOM is BORED!
  1337 | D:2      | XOM: give mutations
  1337 | D:2      | Gained mutation: You are frail. (-10% HP) [Xom's mischief]
  1337 | D:2      | Gained mutation: Scrolls take you a little longer to read. [Xom's mischief]
  1337 | D:2      | Gained mutation: Your body sometimes deteriorates upon taking damage. [Xom's mischief]
  1337 | D:2      | Gained mutation: You are agile. (Dex +2) [Xom's mischief]
  1339 | D:2      | Noticed Crazy Yiuf
  1344 | D:2      | Killed Crazy Yiuf
  1467 | D:3      | Reached XP level 6. HP: 24/53 MP: 5/5
  1555 | D:3      | Reached skill level 7 in Unarmed Combat
  1626 | D:3      | XOM: mild Ice miscast
  1704 | D:3      | Found a snail-covered altar of Cheibriados.
  1889 | D:3      | Found a radiant altar of Vehumet.
  2031 | D:4      | XOM: polymorph orc -> jackal
  2100 | D:4      | Reached skill level 8 in Unarmed Combat
  2139 | D:4      | Reached XP level 7. HP: 59/59 MP: 6/6
  2156 | D:4      | Found Ulepaem's Assorted Antiques.
  2196 | D:4      | Bought a scroll of teleportation for 87 gold pieces
  2196 | D:4      | Bought a scroll of teleportation for 87 gold pieces
  2230 | D:4      | Found a shattered altar of Ashenzari.
  2302 | D:4      | Found an opulent altar of Gozag.
  2323 | D:4      | XOM: summons friendly iron imp
  2661 | D:5      | Entered Level 5 of the Dungeon
  2694 | D:5      | XOM: cloud trail
  2807 | D:5      | Found a white marble altar of Elyvilon.
  2843 | D:5      | Noticed Sigmund
  2849 | D:5      | Killed Sigmund
  2849 | D:5      | Reached skill level 9 in Unarmed Combat
  2857 | D:5      | Found a staircase to the Ecumenical Temple.
  3342 | D:5      | Reached XP level 8. HP: 29/66 MP: 7/7
  4073 | D:6      | Reached skill level 10 in Unarmed Combat
  4088 | D:6      | Noticed Pikel
  4091 | D:6      | XOM: harmless Conj miscast
  4102 | D:6      | XOM: silly message
  4109 | D:6      | Killed Pikel
  4152 | D:6      | XOM: medium Erth miscast
  4183 | D:6      | XOM: mild Tloc miscast
  4266 | D:6      | XOM: polymorph freed slave -> hog
  4514 | D:6      | XOM: give mutation
  4514 | D:6      | Gained mutation: You are very agile. (Dex +4) [Xom's grace]
  4672 | D:6      | Noticed Prince Ribbit
  4683 | D:6      | Killed Prince Ribbit
  4683 | D:6      | Reached skill level 11 in Unarmed Combat
  4740 | D:6      | Found a shimmering altar of Xom.
  4786 | D:6      | XOM: give mutations
  4786 | D:6      | Gained mutation: You have a pair of small antennae on your head. [Xom's grace]
  4786 | D:6      | Gained mutation: Your flesh is cold resistant. (rC+) [Xom's grace]
  4786 | D:6      | Gained mutation: You passively map a small area around you. [Xom's grace]
  4786 | D:6      | Lost mutation: You are frail. (-10% HP) [Xom's grace]
  4803 | D:6      | XOM: give mutations
  4803 | D:6      | Gained mutation: You have a somewhat thin skeletal structure. (Dex +2, Stealth) [Xom's grace]
  4803 | D:6      | Gained mutation: You possess an exceptional clarity of mind. [Xom's grace]
  4881 | D:6      | XOM: give mutation
  4881 | D:6      | Gained mutation: You have a pair of antennae on your head. [Xom's grace]
  5047 | D:7      | XOM: cleaving
  5061 | D:7      | Reached XP level 9. HP: 53/84 MP: 8/8
  5189 | D:7      | XOM is BORED!
  5189 | D:7      | XOM: enchant monster (bad)
  5282 | D:7      | Found a sand-covered staircase.
  5296 | Ossuary  | Entered an ossuary
  5589 | D:7      | XOM is BORED!
  5589 | D:7      | XOM: mild Necr miscast
  5631 | D:7      | Reached skill level 5 in Fighting
  5631 | D:7      | Reached skill level 12 in Unarmed Combat
  5823 | D:7      | XOM: 3-stop teleportation journey
  6282 | D:8      | XOM: summons friendly crimson imp
  6309 | D:8      | XOM: enchant monster (good)
  6492 | D:8      | Found a shadowy altar of Dithmenos.
  6492 | D:8      | Found a bloodstained altar of Trog.
  6496 | D:8      | Found a deep blue altar of Sif Muna.
  6500 | D:8      | XOM: give mutations
  6500 | D:8      | Gained mutation: Your system is resistant to poisons. (rPois) [Xom's grace]
  6500 | D:8      | Gained mutation: Your muscles are strong. (Str +2) [Xom's grace]
  6812 | D:8      | Found the +8 autumn katana {slice, Clar}
  6817 | D:8      | XOM: give mutations
  6817 | D:8      | Gained mutation: You have a pair of large antennae on your head. (SInv) [Xom's grace]
  6817 | D:8      | Gained mutation: Your flesh is very cold resistant. (rC++) [Xom's grace]
  6817 | D:8      | Gained mutation: You are partially covered in slimy green scales. (AC +2) [Xom's grace]
  6859 | D:8      | XOM: god gift: 7 stones
  6892 | D:8      | Reached XP level 10. HP: 98/98 MP: 9/9
  6893 | D:8      | Found a blossoming altar of Fedhas.
  6900 | D:8      | XOM: god gift: scroll of immolation
  6914 | D:8      | XOM: scenery: create altars
  6961 | D:8      | Reached skill level 13 in Unarmed Combat
  7008 | D:8      | XOM: potion effect (berserk rage)
  7355 | D:9      | XOM: cloud trail
  7465 | D:9      | Found a runed gate.
  7465 | D:9      | Found a runed gate.
  7552 | D:9      | Found a runed gate.
  7558 | D:9      | Noticed Erymatos's ghost (novice MiBe)
  7558 | D:9      | Noticed a spectral centaur warrior
  7558 | D:9      | XOM: mild Hex miscast
  7947 | D:10     | Entered Level 10 of the Dungeon
  7950 | D:10     | Noticed an unseen horror
  7961 | D:10     | an unseen horror changed into a shapeshifter
  7961 | D:10     | XOM: polymorph unseen horror -> shapeshifter
  7962 | D:10     | Noticed a salamander
  7962 | D:10     | a shapeshifter changed into a salamander
  7966 | D:10     | Killed a salamander
  8211 | D:10     | Noticed a two-headed ogre
  8220 | D:10     | Killed a two-headed ogre
  8220 | D:10     | Reached skill level 14 in Unarmed Combat
  8257 | D:10     | Noticed an oklob plant
  8258 | D:10     | Noticed an oklob plant
  8325 | D:10     | XOM: 1-stop teleportation journey
  8586 | D:10     | Reached XP level 11. HP: 101/109 MP: 10/10
  8589 | D:10     | XOM: harmless Pois miscast
  8710 | D:10     | XOM: potion effect (brilliance)
  8713 | D:10     | XOM: potion effect (berserk rage)
  8734 | D:10     | XOM: harmless Erth miscast
  8758 | D:10     | XOM: divination: magic mapping
  8855 | D:10     | XOM: potion effect (heal wounds)
  8874 | D:10     | XOM: potion effect (agility)
  9216 | D:10     | Found a staircase to the Lair.
  9218 | D:10     | Killed an oklob plant
  9250 | D:10     | Killed an oklob plant
  9279 | Lair:1   | Entered Level 1 of the Lair of Beasts
  9388 | Lair:1   | Reached skill level 5 in Dodging
  9388 | Lair:1   | XOM: divination: magic mapping
  9419 | Lair:1   | XOM: cloud trail
  9432 | Lair:1   | Reached skill level 1 in Evocations
  9471 | Lair:1   | Found a shattered altar of Ashenzari.
  9725 | Lair:1   | XOM: destruction
  9733 | Lair:1   | XOM: enchant monster (bad)
  9745 | Lair:1   | XOM: mild Necr miscast
  9828 | Lair:1   | Reached skill level 15 in Unarmed Combat
  9841 | Lair:1   | XOM is BORED!
  9841 | Lair:1   | XOM: summons 3 hostile shadow creatures
  9965 | Lair:1   | XOM: mild Erth miscast
  9976 | Lair:1   | XOM: harmless Conj miscast
 10170 | Lair:2   | Found a white marble altar of Elyvilon.
 10258 | Lair:2   | Found a runed door.
 10259 | Lair:2   | Noticed Hedig's ghost (journeyman GrEE)
 10261 | Lair:2   | Noticed a spriggan rider
 10796 | Lair:2   | XOM: fog
 10799 | Lair:2   | XOM: stat loss: -1 Dex (17/18)
 10816 | Lair:2   | Reached XP level 12. HP: 63/119 MP: 12/12
 10930 | Lair:3   | XOM: noise
 11009 | Lair:3   | XOM: 1-stop teleportation journey
 11170 | Lair:3   | XOM: repel stairs
 11201 | Lair:3   | XOM: butterfly on damage
 11222 | Lair:3   | XOM: swap monsters
 11307 | Lair:3   | XOM: 3-stop teleportation journey
 11322 | Lair:3   | XOM: fake destruction
 11326 | Lair:3   | XOM: divine lightning
 11327 | Lair:3   | XOM: confuse monster(s)
 11330 | Lair:3   | XOM: cast spell 'Monstrous Menagerie'
 11372 | Lair:3   | Found a staircase to the Shoals.
 11486 | Lair:3   | Paralysed by a centaur for 6 turns
 11557 | Lair:3   | XOM: summons 2 friendly demons
 11728 | Lair:3   | Found a hole to the Spider Nest.
 11780 | Lair:3   | XOM: confuse monster(s)
 11833 | Lair:3   | Found a runed gate.
 11834 | Lair:3   | Found a runed gate.
 11834 | Lair:3   | Found a runed gate.
 11897 | Lair:3   | Found a burning altar of Makhleb.
 11921 | Lair:3   | Noticed Fyciun's ghost (journeyman MiFi)
 11969 | Lair:3   | XOM: mild Ice miscast
 12035 | Lair:3   | XOM: noise
 12136 | Lair:4   | Noticed a four-headed hydra
 12146 | Lair:4   | Killed a four-headed hydra
 12339 | Lair:4   | Reached skill level 16 in Unarmed Combat
 12497 | Lair:4   | XOM: destruction
 12726 | Lair:4   | XOM: mild Conj miscast
 13038 | Lair:5   | XOM: cleaving
 13043 | Lair:5   | XOM: summons 2 friendly demons
 13046 | Lair:5   | XOM: confuse monster(s)
 13071 | Lair:5   | Found a viscous altar of Jiyva.
 13072 | Lair:5   | Found a staircase to the Slime Pits.
 13090 | Lair:5   | Noticed a seven-headed hydra
 13103 | Lair:5   | Killed a seven-headed hydra
 13103 | Lair:5   | Reached XP level 13. HP: 127/131 MP: 15/15
 13262 | Lair:5   | XOM: medium Hex miscast
 13621 | Lair:5   | XOM: potion effect (brilliance)
 13732 | Lair:5   | XOM: draining
 13934 | Lair:6   | Entered Level 6 of the Lair of Beasts
 13938 | Lair:6   | XOM: enchant monster (good)
 14051 | Lair:6   | XOM: 1-stop teleportation journey
 14057 | Lair:6   | XOM: smoke on damage
 14071 | Lair:6   | Noticed a dire elephant
 14071 | Lair:6   | a death yak changed into a dire elephant
 14071 | Lair:6   | XOM: polymorph death yak -> dire elephant
 14076 | Lair:6   | XOM: noise
 14370 | Lair:6   | Reached skill level 5 in Evocations
 14433 | Lair:6   | XOM: noise
 14487 | Lair:6   | XOM: cast spell 'Summon Small Mammal'
 14490 | Lair:6   | XOM: potion effect (might)
 14493 | Lair:6   | Reached skill level 1 in Shields
 14629 | Lair:6   | XOM: confuse monster(s)
 14749 | Lair:6   | XOM: give mutations
 14749 | Lair:6   | Gained mutation: You expend magic power (3 MP) to strengthen your wands. [Xom's grace]
 14749 | Lair:6   | Gained mutation: Your flesh is almost immune to the effects of cold. (rC+++) [Xom's grace]
 14749 | Lair:6   | Gained mutation: You passively map the area around you. [Xom's grace]
 14769 | Lair:6   | XOM: enchant monster (good)
 14879 | Lair:6   | XOM: scenery: create altars
 14888 | Lair:6   | XOM: confuse monster(s)
 14915 | Lair:6   | XOM: noise
 14961 | Lair:4   | XOM: mild Chrm miscast
 15100 | D:11     | Noticed Erolcha
 15106 | D:11     | XOM: fog
 15109 | D:11     | Killed Erolcha
 15112 | D:11     | XOM: summons 1 hostile demon
 15141 | D:10     | XOM: give mutations
 15141 | D:10     | Lost mutation: You have a pair of large antennae on your head. (SInv) [Xom's mischief]
 15141 | D:10     | Lost mutation: You possess an exceptional clarity of mind. [Xom's mischief]
 15141 | D:10     | Lost mutation: Your body sometimes deteriorates upon taking damage. [Xom's mischief]
 15289 | D:11     | XOM: 1-stop teleportation journey
 15319 | D:11     | Reached skill level 17 in Unarmed Combat
 15329 | D:11     | XOM: confusion (+ monsters)
 15334 | D:11     | XOM: smoke on damage
 15356 | D:11     | XOM: enchant monster (good)
 15360 | D:11     | XOM: cleaving
 15360 | D:11     | Mangled by a phantasmal warrior

Skill      XL: |  1  2  3  4  5  6  7  8  9 10 11 12 13 |
---------------+----------------------------------------+-----
Unarmed Combat | 4 5 6 8 9 11 12 14 15 16 17 | 17.0
Fighting       | 4 5 7 8 9 |  9.8
Dodging        | 4 5 7 |  7.5
Evocations     | 2 4 5 |  5.0
Shields        | 3 |  3.7

Action                   |  1- 3 |  4- 6 |  7- 9 | 10-12 | 13-15 || total
-------------------------+-------+-------+-------+-------+-------++-------
Melee: Unarmed           |    98 |   109 |   402 |   473 |   240 ||  1322
       Punch             |     2 |     5 |    17 |    57 |     6 ||    87
Throw: Javelin           |       |       |       |     2 |       ||     2
Evoke: Wand              |       |       |     8 |    11 |     6 ||    25
  Use: Scroll            |     6 |     5 |    15 |     4 |       ||    30
       Potion            |       |       |       |       |     8 ||     8
 Stab: Sleeping          |     1 |       |     6 |     6 |       ||    13
       Distracted        |       |       |     1 |     2 |       ||     3
       Confused          |       |       |       |     5 |     2 ||     7
  Eat: Chunk             |    15 |    10 |    42 |    66 |    20 ||   153
       Ration            |       |       |     3 |       |       ||     3
Armor: Robe              |    44 |    50 |   130 |   126 |    48 ||   398
Dodge: Dodged            |    60 |    60 |   143 |   224 |   121 ||   608
Block: Shield            |       |       |       |       |    46 ||    46
